 Dungeon Crawl Stone Soup version 0.29.1-13-g9f3cf754e1 (webtiles) character file.

Game seed: 2705268824287116629

97 Vulpanium the Grave Robber (level 5, -2/35 HPs)
             Began as a Human Necromancer on Jan 21, 2023.
             Was a Follower of Uskayaw.
             Killed by nerve-wracking pain
             ... invoked by an orc priest
              (11 damage)
             ... on level 2 of the Dungeon.
             The game lasted 00:15:22 (3488 turns).

Vulpanium the Grave Robber (Human Necromancer)      Turns: 3488, Time: 00:15:22

Health: -2/35      AC:  7    Str:  8    XL:     5   Next: 0%
Magic:  3/9        EV: 11    Int: 17    God:    Uskayaw [*.....]
Gold:   113        SH:  0    Dex: 14    Spells: 8/9 levels left

rFire   . . .      SeeInvis .   s - +2 short sword (venom)
rCold   . . .      Faith    +   (no shield)
rNeg    . . .      Spirit   .   f - +0 leather armour
rPois   +          Reflect  .   (no helmet)
rElec   .          Harm     .   (no cloak)
rCorr   .          Rampage  .   (no gloves)
Will    .....                   (no boots)
Stlth   ++........              t - amulet "Plog" {Faith Fly}
HPRegen 0.11/turn               h - +4 ring of protection
MPRegen 0.11/turn               i - ring of poison resistance

@: flying
A: no striking features
a: Renounce Religion, Stomp


You were on level 2 of the Dungeon.
You worshipped Uskayaw.
Uskayaw was noncommittal.
You visited 1 branch of the dungeon, and saw 3 of its levels.

You collected 113 gold pieces.

Inventory:

Hand Weapons
 m - a +0 dagger
 s - a +2 short sword of venom (weapon)
Armour
 a - a +0 robe
 f - a +0 leather armour (worn)
Jewellery
 h - a +4 ring of protection (left hand)
 i - a ring of poison resistance (right hand)
 r - a ring of fire
 t - the amulet "Plog" (around neck) {Faith Fly}
   (You found it on level 2 of the Dungeon)

   [amulet of faith]

   It allows you to gain divine favour quickly.
   Fly:       It grants you flight.
Scrolls
 d - a scroll of enchant weapon
 e - a scroll of identify {unknown}
 k - a scroll of acquirement {unknown}
 l - 2 scrolls of butterflies {unknown}
 n - a scroll of blinking {unknown}
 p - 2 scrolls of fear {unknown}
 q - a scroll of magic mapping {unknown}
Potions
 b - a potion of magic
 c - a potion of berserk rage {unknown}
 g - a potion of might {unknown}
 j - 3 potions of mutation {unknown}
 o - a potion of heal wounds {unknown}


   Skills:
 + Level 0.1 Fighting
 + Level 0.1 Short Blades
 + Level 0.8 Armour
 + Level 2.2 Dodging
 + Level 2.0 Stealth
 - Level 0.4 Unarmed Combat
 + Level 2.8 Spellcasting
 + Level 4.9 Necromancy
 * Level 1.0 Invocations


You had 8 spell levels left.
You knew the following spells:

 Your Spells              Type           Power      Damage    Failure   Level
a - Necrotise             Necr           76%        1d7       3%          1

Your spell library contained the following spells:

 Spells                   Type           Power      Damage    Failure   Level
 Vampiric Draining        Necr           19%        2d7       10%         3
 Slow                     Hex            8%         N/A       26%         1
 Animate Dead             Necr           19%        N/A       32%         4
 Confusing Touch          Hex            2%         N/A       58%         3
 Agony                    Necr           19%        N/A       67%         5


Dungeon Overview and Level Annotations

Branches:
Dungeon (3/15)

Altars:
Cheibriados
Uskayaw


Message History

A ball python comes into view.
Your orc skeleton hits the orc priest but does no damage.
The orc priest barely misses your orc skeleton.
The orc priest attacks as you move away!
The orc priest barely misses you.
Your orc skeleton closely misses the orc priest.
The orc priest begins to cast a cantrip, but forgets the words!
Your orc skeleton barely misses the orc priest.
The orc wizard gestures wildly while chanting.
The orc wizard flickers and vanishes!
Deactivating autopickup; reactivate with Ctrl-A.
The orc priest miscasts a cantrip.
A frilled lizard comes into view.
The orc priest calls down the wrath of Beogh upon you.
Beogh smites you!
Your orc skeleton hits the orc priest.
The orc priest mumbles some strange prayers to Beogh against you.
Beogh smites you!
* * * LOW HITPOINT WARNING * * *
The orc wizard mumbles some strange words.
The orc wizard flickers and vanishes!
The orc priest attacks as you move away!
The orc priest barely misses you.
There is a stone staircase leading up here.
Your orc skeleton hits the orc priest but does no damage.
The orc priest hits you but does no damage.
The orc priest hits your orc skeleton with a +0 mace.
Your orc skeleton is destroyed!
You fly upwards.
Reactivating autopickup.
There is a stone staircase leading down here.
The orc priest hits you but does no damage.
You hit the orc priest.
The orc priest is severely wounded.
The orc priest closely misses you.
You hit the orc priest.
The orc priest is almost dead.
The orc priest mumbles some strange prayers to Beogh against you.
Pain shoots through your body!
You die...

##..## #.# #..
###..###### ##.# #..
..........# #..# #..
#####.....# #.## #..
###.....#.### ###.#
##.
.##(###.#...#####...#
## .##.#
#.#.#....##.### .##.#
#.#.####..#.# ###.#
#.#.#####.@o# ###.#
#.#.......>## .<#.#
#(........##
###.###########.#
....#.........#.#
#####.#######.#.# #.#
#.#.# #.# ####.#.#
#.# #....#.#


You could see an orc priest.

Vanquished Creatures
  Jessica (D:2)
  2 adders (D:2)
  An orc (D:3)
  4 ball pythons
  4 endoplasms
  2 giant cockroaches (D:1)
  4 goblins (D:1)
  5 hobgoblins
  2 jackals (D:1)
  A quokka (D:1)
  6 bats
  4 frilled lizards (D:2)
  4 kobolds
  4 rats
  A spectral goblin (D:1)
45 creatures vanquished.

Vanquished Creatures (collateral kills)
  An endoplasm (D:1)
  A hobgoblin (D:2)
  A ball python (D:2)
  A bat (D:2)
  A frilled lizard (D:1)
5 creatures vanquished.

Grand Total: 50 creatures vanquished

Notes
Turn   | Place    | Note
-------+----------+-------------------------------------------
     0 | D:1      | Vulpanium the Human Necromancer began the quest for the
                  | Orb.
     0 | D:1      | Reached XP level 1. HP: 13/13 MP: 3/3
   283 | D:1      | Reached XP level 2. HP: 3/19 MP: 0/5
   592 | D:1      | Found a faded altar of an unknown god.
   634 | D:1      | Prayed at the altar of an unknown god.
   634 | D:1      | Became a worshipper of Uskayaw the Reveller
   634 | D:1      | Reached * piety under Uskayaw
   695 | D:1      | Reached ** piety under Uskayaw
  1179 | D:1      | Reached XP level 3. HP: 23/24 MP: 1/6
  1180 | D:1      | Reached *** piety under Uskayaw
  2308 | D:2      | Identified the amulet "Plog" {Faith Fly}
  2421 | D:2      | Noticed Jessica
  2434 | D:2      | Killed Jessica
  2435 | D:2      | Reached skill level 1 in Invocations
  2435 | D:2      | Reached XP level 4. HP: 23/30 MP: 0/8
  3357 | D:2      | Found a snail-covered altar of Cheibriados.
  3465 | D:3      | Reached XP level 5. HP: 35/35 MP: 5/9
  3488 | D:2      | Killed from afar by an orc priest

Illustrated notes

Levels and vault maps discovered:
D:1:      lightli_arrival_noodles, layout_basic,
          dreamdust_ecumenical_altar_drowned_temple
D:2:      layout_basic, basic_altar, minmay_misc_feat_alley, minmay_tromino_v7,
          uniq_jessica
D:3:      layout_rooms, nicolae_uskayaw_suspiria, evilmike_ruin_ashenzari,
          reono_crystal_passage, minmay_misc_feat_chi,
          hangedman_decor_slide_cut, uniq_grinder, uniq_sigmund

Skill      XL: |  1  2  3 |
---------------+----------+-----
Invocations    | 1 |  1.0
Fighting       | |  0.1
Short Blades   | |  0.1
Armour         | |  0.8
Dodging        | |  2.2
Stealth        | |  2.0
Unarmed Combat | |  0.4
Spellcasting   | |  2.8
Necromancy     | |  4.9

Action                   |  1- 3 |  4- 6 || total
-------------------------+-------+-------++-------
Melee: Unarmed           |    39 |       ||    39
       Dagger            |     4 |       ||     4
       Short sword       |     1 |     8 ||     9
 Cast: Necrotise         |    51 |    24 ||    75
  Use: Scroll            |     1 |       ||     1
 Stab: Paralysed         |     1 |       ||     1
       Sleeping          |       |     1 ||     1
Armor: Robe              |     4 |       ||     4
       Leather armour    |    16 |    11 ||    27
Dodge: Dodged            |    63 |    17 ||    80
